 Dungeon Crawl Stone Soup version 0.30-a0-414-gcb316572d5 (webtiles) character file.

Game seed: 7127511835154511769

10736 ryw the Thaumaturge (level 11, -3/66 HPs)
             Began as a Deep Elf Summoner on Dec 7, 2022.
             Was an Initiate of Gozag.
             Engulfed by a smoke demon's steam (5 damage)
             ... on level 3 of the Abyss on Dec 8, 2022.
             The game lasted 00:42:17 (13335 turns).

ryw the Thaumaturge (Deep Elf Summoner)            Turns: 13335, Time: 00:42:17

Health: -3/66      AC: 16    Str:  8    XL:     11   Next: 40%
Magic:  11/27      EV: 14    Int: 25    God:    Gozag
Gold:   711        SH:  5    Dex: 13    Spells: 3/30 levels left

rFire   . . .      SeeInvis .    v - +6 short sword (venom)
rCold   . . .      Faith    .    (no shield)
rNeg    + . .      Spirit   .    y - +2 robe {rN+}
rPois   .          Reflect  +    (no helmet)
rElec   .          Harm     .    p - +2 cloak
rCorr   .          Rampage  .    C - +2 pair of gloves {Str+3}
Will    +....                    B - +1 pair of boots {Fly}
Stlth   ++........               r - amulet of reflection
HPRegen 0.31/turn                o - +4 ring of protection
MPRegen 0.20/turn                (no ring)

@: flying, unable to read
A: talons 1, clumsy 1, inability to read after injury 1, MP-powered wands
a: Renounce Religion, Potion Petition, Call Merchant, Bribe Branch


You were on level 3 of the Abyss.
You worshipped Gozag.
Gozag was pleased with you.
You visited 2 branches of the dungeon, and saw 11 of its levels.
You visited the Abyss 1 time.

You collected 1710 gold pieces.
You spent 480 gold pieces at shops.
You paid 519 gold pieces to Gozag.

Inventory:

Hand Weapons
 t - a +5 dagger of freezing
 v - a +6 short sword of venom (weapon)
Missiles
 A - 2 throwing nets
Armour
 p - a +2 cloak (worn)
 y - a +2 robe of positive energy (worn)
 B - a +1 pair of boots of flying (worn)
 C - a +2 pair of gloves of strength (worn)
Jewellery
 o - a +4 ring of protection (left hand)
 r - an amulet of reflection (around neck)
Wands
 f - a wand of iceblast (9)
Scrolls
 a - a scroll of brand weapon
 c - 5 scrolls of teleportation
 d - a scroll of immolation
 e - a scroll of butterflies {unknown}
 l - 3 scrolls of amnesia
 s - 2 scrolls of enchant armour
Potions
 b - 2 potions of magic
 g - 2 potions of brilliance
 h - 2 potions of berserk rage
 i - a potion of might
 j - 8 potions of curing
 k - a potion of flight
 m - 3 potions of attraction
 q - a potion of resistance
 u - a potion of haste
 x - a potion of ambrosia
 z - a potion of cancellation


   Skills:
 + Level 6.5 Fighting
 - Level 1.9 Short Blades
 - Level 1.3 Maces & Flails
 + Level 6.8 Dodging
 - Level 2.4 Stealth
 - Level 0.6 Shields
 - Level 10.0 Spellcasting
 - Level 5.0 Hexes
 - Level 10.0 Summonings
 + Level 5.0 Translocations
 + Level 4.9 Transmutations
 + Level 6.9 Air Magic


You had 3 spell levels left.
You knew the following spells:

 Your Spells              Type           Power      Damage    Failure   Level
a - Call Canine Familiar  Summ           58%        N/A       1%          3
b - Call Imp              Summ           58%        N/A       1%          2
c - Blink                 Tloc           74%        N/A       1%          2
d - Summon Guardian Gole  Hex/Summ       50%        N/A       1%          3
e - Summon Lightning Spi  Summ/Air       53%        N/A       1%          4
f - Manifold Assault      Tloc           37%        N/A       6%          4
g - Wereblood             Tmut           37%        N/A       1%          2
h - Storm Form            Tmut/Air       21%        N/A       98%         7

Your spell library contained the following spells:

 Spells                   Type           Power      Damage    Failure   Level
 Beastly Appendage        Tmut           74%        N/A       1%          1
 Summon Small Mammal      Summ           100%       N/A       1%          1
 Gell's Gravitas          Tloc           37%        N/A       1%          3
 Lesser Beckoning         Tloc           74%        N/A       1%          3
 Teleport Other           Tloc           37%        N/A       1%          3
 Inner Flame              Hex/Fire       25%        N/A       5%          3
 Spider Form              Tmut/Pois      24%        N/A       5%          3
 Ignite Poison            Fire/Tmut/Pois 20%        N/A       8%          3
 Flame Wave               Conj/Fire      12%        2d6       43%         4
 Sticky Flame             Conj/Fire      12%        2d4       43%         4
 Ignition                 Fire           6%         3d4       100%        8


Dungeon Overview and Level Annotations

Branches:
Dungeon (10/15)            Temple (1/1) D:4
   Lair: D:8-11         Orc: D:9-12

Altars:
Ashenzari
Cheibriados
Elyvilon
Gozag
Hepliaklqana
Makhleb
Nemelex Xobeh
Okawaru
Qazlal
Sif Muna
Trog
Uskayaw
Vehumet
Wu Jian
Xom
Yredelemnul
Zin

Shops:
D:8 *   D:9 (   D:10 [

Annotations:
D:3 1 runed translucent door
D:6 3 runed translucent doors, NinjaNoafa's ghost, amateur FoHu
D:10 Erolcha


Innate Abilities, Weirdness & Mutations

You have sharp toenails.
You are clumsy. (Dex -2)
You occasionally lose the ability to read scrolls when taking damage.
You expend magic power (3 MP) to strengthen your wands.


Message History

Found a corrupted altar of Lugonu.
Found a gateway leading deeper into the Abyss.
Press: ? - help, v - describe, . - travel A gateway leading deeper into the Abyss.
Unknown command.
You feel sick.
You are no longer poisoned.
You start resting.
A smoke demon comes into view.
What are your orders? t - Shout!
Orders for allies: a - Attack new target. r - Retreat! s - Stop attacking. g - Guard the area. f - Follow me.
Anything else - Cancel.
Okay, then.
You feel your health improve.
You start resting.
A tentacled starspawn comes into view.
The smoke demon roars!
You hear a bellow!
The smoke demon gestures at you. The ball of steam hits you!!
You feel threatened and lose the ability to read scrolls!
* * * LOW HITPOINT WARNING * * *
Press: ? - help, v - describe, . - travel A gateway leading deeper into the Abyss.
Unknown command.
You are too injured to fight recklessly!
Casting: Blink (safe; 1% risk of failure)
Confirm with . or Enter, or press ? or * to list all spells.
Tentacles burst from the starspawn's body! 2 starspawn tentacles come into view.
Your wolf bites the smoke demon!
The starspawn tentacle grabs your wolf.
The starspawn tentacle constricts your wolf.
The smoke demon gestures at you. The ball of steam hits you!
* * * LOW HITPOINT WARNING * * *
You are engulfed in a cloud of scalding steam.
You die...
Your body crumbles into a pile of gold.

. ....#. .#.## .
#....#.#.....#.
#..#.#....#...#
###.##..X...#.#
#.....<#│..>.#
#..§##..hw│.#..# #
.....§..#3#w.#...#.#
..#
3##.##.§§.......# #
.. .#.....§§§@..# #.
.# #...###§§§### ..#
##..# ##.## ###. ###
. .


You could see a tentacled starspawn, 2 starspawn tentacles and a friendly wolf
(summoned).

Vanquished Creatures
  A kobold demonologist (D:10)
  Prince Ribbit (D:6)
  A sky beast (D:8)
  A centaur (D:10)
  2 lemures
  A necrophage (D:6)
  2 bullfrogs
  A killer bee (D:9)
  A quasit (D:8)
  An orc priest (D:8)
  2 orc wizards
  Robin (D:2)
  A gnoll (D:4)
  An adder (D:3)
  2 shadow imps (D:6)
  A worm (D:6)
  A dart slug (D:2)
  3 orcs
  A ball python (D:4)
  2 bats (D:1)
  An endoplasm (D:2)
  A giant cockroach (D:1)
  A goblin (D:2)
  3 hobgoblins
  A jackal (D:2)
  2 kobolds
  A quokka (D:5)
  4 frilled lizards
  A rat (D:1)
42 creatures vanquished.

Vanquished Creatures (collateral kills)
  Erica (D:10)
  An orange demon (Abyss:2)
  An unseen horror (D:10)
  2 ancient zymes (Abyss:2)
  A troll (D:8)
  Grinder (D:3)
  4 slime creatures (D:10)
  A raiju (Abyss:2)
  A flying skull (Abyss:2)
  A shadow (D:7)
  2 wraiths
  Eustachio (D:3)
  3 wyverns (D:9)
  A steam dragon (D:7)
  An acid dragon (D:9)
  2 water moccasins
  2 sky beasts (D:7)
  2 ice beasts (D:5)
  An orc warrior (D:8)
  2 ogres
  4 centaurs
  A lemure (D:6)
  5 kobold brigands
  3 bullfrogs
  3 scorpions
  10 wights
  5 killer bees (D:9)
  A howler monkey (D:6)
  A nameless horror (D:9)
  A quasit (D:8)
  2 hounds
  3 jellies
  6 orc priests
  Jessica (D:3)
  A gnoll bouda (D:8)
  3 iguanas
  9 orc wizards
  20 gnolls
  5 adders
  4 shadow imps (D:8)
  5 white imps
  8 ufetubi
  4 worms
  3 dart slugs
  33 orcs
  3 ball pythons
  8 endoplasms
  2 giant cockroaches
  5 hobgoblins
  2 jackals (D:2)
  3 quokkas
  5 bats
  3 frilled lizards
  11 goblins
  A jackal zombie (D:3)
  27 kobolds
  A kobold skeleton (D:3)
  4 rats (D:1)
247 creatures vanquished.

Vanquished Creatures (others)
  Pikel (D:5)
  A gargoyle (D:10)
  A merfolk (D:9)
  2 slime creatures (D:10)
  A gnoll bouda (D:4)
  An orc priest (D:4)
  Crazy Yiuf (D:2)
  4 gnolls
  A goblin (D:2)
  2 demonic plants (D:8)
  4 starspawn tentacles (Abyss:2)
19 creatures vanquished.

Grand Total: 308 creatures vanquished

Notes
Turn   | Place    | Note
-------+----------+-------------------------------------------
     0 | D:1      | ryw the Deep Elf Summoner began the quest for the Orb.
     0 | D:1      | Reached XP level 1. HP: 10/10 MP: 6/6
   161 | D:1      | Reached XP level 2. HP: 16/16 MP: 6/8
   164 | D:1      | Learned a level 2 spell: Call Imp
   436 | D:1      | Reached XP level 3. HP: 15/20 MP: 5/9
   475 | D:1      | Reached skill level 5 in Summonings
   517 | D:1      | Found a faded altar of an unknown god.
   573 | D:1      | Learned a level 3 spell: Call Canine Familiar
   844 | D:1      | Learned a level 3 spell: Summon Guardian Golem
   957 | D:2      | Found a snail-covered altar of Cheibriados.
  1001 | D:2      | Reached skill level 1 in Fighting
  1033 | D:2      | Noticed Robin
  1066 | D:2      | Reached XP level 4. HP: 23/25 MP: 8/11
  1079 | D:2      | Killed Robin
  1229 | D:2      | Reached skill level 1 in Hexes
  1498 | D:2      | Found a runed translucent door.
  1499 | D:2      | Noticed Crazy Yiuf
  1512 | D:2      | Killed Crazy Yiuf
  1513 | D:2      | Reached XP level 5. HP: 29/29 MP: 4/13
  2093 | D:3      | Noticed Grinder
  2268 | D:3      | Killed Grinder
  2269 | D:3      | Reached skill level 5 in Spellcasting
  2269 | D:3      | Reached XP level 6. HP: 16/36 MP: 6/16
  2373 | D:3      | Noticed Jessica
  2418 | D:3      | Killed Jessica
  2644 | D:3      | Found a runed translucent door.
  2644 | D:3      | Noticed a human
  2649 | D:3      | Found a basalt altar of Yredelemnul.
  2688 | D:3      | Found a sparkling altar of Nemelex Xobeh.
  2948 | D:4      | Found a white marble altar of Elyvilon.
  3094 | D:4      | Reached XP level 7. HP: 21/40 MP: 15/17
  3110 | D:4      | Learned a level 4 spell: Summon Lightning Spire
  3241 | D:4      | Noticed Eustachio
  3251 | D:4      | HP: 2/40 [rat[Eustachio] (1)]
  4161 | D:3      | Killed Eustachio
  4162 | D:3      | Reached skill level 1 in Air Magic
  4380 | D:4      | Found a staircase to the Ecumenical Temple.
  4393 | Temple   | Entered the Ecumenical Temple
  4400 | Temple   | Became a worshipper of Gozag Ym Sagoz the Greedy
  4566 | D:4      | Found a broken altar of Ashenzari.
  4599 | D:5      | Entered Level 5 of the Dungeon
  4986 | D:5      | Reached XP level 8. HP: 36/46 MP: 20/20
  5800 | D:5      | Found a faded altar of an unknown god.
  5800 | D:5      | Found a faded altar of an unknown god.
  5802 | D:5      | Found a hazy altar of Hepliaklqana.
  5847 | D:5      | Found an iron altar of Okawaru.
  5917 | D:6      | Noticed Pikel
  5925 | D:6      | Noticed Prince Ribbit
  5955 | D:5      | Killed Pikel
  5956 | D:5      | Reached skill level 1 in Short Blades
  5956 | D:5      | Reached skill level 1 in Maces & Flails
  5956 | D:5      | Reached skill level 5 in Hexes
  6215 | D:6      | Noticed a troll
  6261 | D:6      | Reached XP level 9. HP: 41/52 MP: 11/23
  6419 | D:6      | Killed Prince Ribbit
  6524 | D:6      | Found a runed translucent gate.
  6524 | D:6      | Found a runed translucent gate.
  6559 | D:6      | Noticed NinjaNoafa's ghost (amateur FoHu)
  6578 | D:6      | Found a runed translucent gate.
  7268 | D:6      | Gained mutation: You are clumsy. (Dex -2) [potion of
                  | mutation]
  7268 | D:6      | Gained mutation: You have sharp toenails. [potion of
                  | mutation]
  7268 | D:6      | Gained mutation: You occasionally lose the ability to read
                  | scrolls when taking damage. [potion of mutation]
  7268 | D:6      | Gained mutation: You expend magic power (3 MP) to
                  | strengthen your wands. [potion of mutation]
  8416 | D:7      | Reached skill level 5 in Fighting
  9186 | D:7      | Reached skill level 10 in Spellcasting
  9186 | D:7      | Reached XP level 10. HP: 43/59 MP: 14/26
  9286 | D:7      | Learned a level 2 spell: Blink
  9291 | D:7      | Learned a level 4 spell: Manifold Assault
  9294 | D:7      | Learned a level 2 spell: Wereblood
  9302 | D:7      | Learned a level 7 spell: Storm Form
  9347 | D:8      | Found Qauqefea's Lightly-Used Armoury.
  9354 | D:8      | Reached skill level 5 in Air Magic
  9831 | D:8      | Reached skill level 1 in Translocations
  9831 | D:8      | Reached skill level 1 in Transmutations
 10036 | D:8      | Found a shimmering blue altar of Sif Muna.
 10213 | D:8      | You fall into a shaft and drop 1 floor!
 10455 | D:9      | Found a stormy altar of Qazlal.
 10703 | D:8      | Found a shimmering altar of Xom.
 11100 | D:8      | Found a hide-covered altar of Uskayaw.
 11479 | D:9      | Reached skill level 5 in Dodging
 12176 | D:10     | Entered Level 10 of the Dungeon
 12185 | D:10     | Noticed a gargoyle
 12196 | D:10     | Killed a gargoyle
 12197 | D:10     | Reached skill level 10 in Summonings
 12261 | D:10     | Found Jaotsify's Antique Armour Shop.
 12272 | D:10     | Reached XP level 11. HP: 64/64 MP: 6/27
 12477 | D:10     | Bought a pair of glowing boots for 240 gold pieces
 12477 | D:10     | Bought a pair of runed gloves for 240 gold pieces
 12710 | D:10     | Noticed Erica
 12720 | D:10     | Killed Erica
 13026 | D:10     | Noticed Erolcha
 13093 | Abyss:2  | Cast into level 2 of the Abyss (Erolcha)
 13227 | Abyss:2  | Noticed a tentacled starspawn
 13273 | Abyss:2  | Noticed a naga warrior
 13274 | Abyss:2  | Reached skill level 5 in Translocations
 13274 | Abyss:2  | Noticed a thrashing horror
 13275 | Abyss:2  | Noticed a thrashing horror
 13282 | Abyss:3  | Found a corrupted altar of Lugonu.
 13324 | Abyss:3  | Noticed a tentacled starspawn
 13334 | Abyss:3  | HP: 2/66 [something/ball of steam (8)]
 13335 | Abyss:3  | Engulfed by a smoke demon's steam

Illustrated notes

Levels and vault maps discovered:
D:1:      grunt_arrival_lava_bath, layout_basic, ebering_ecumenical_altar_webs,
          minmay_pentomino_t2
D:2:      layout_rooms, basic_altar, chequers_serial_rivers_micro_d,
          minmay_misc_feat_square, uniq_robin, uniq_crazy_yiuf_cottage
D:3:      layout_rooms, dk_yredelemnul_ordeal, nemelex_diamond_rough_becter,
          nicolae_wormholes, uniq_grinder, uniq_jessica
D:4:      layout_basic, mainiacjoe_overflow_catwalk, lemuel_doored_altar,
          minmay_temple_entry_stoned_glass, uniq_eustachio
D:5:      layout_loops_corners, nicolae_hepliaklqana_ecumenical_no_more,
          mainiacjoe_overflow_alcove_4
D:6:      layout_cave_pools, gammafunk_ghost_split, kennysheep_small_circle,
          uniq_prince_ribbit1, uniq_pikel
D:7:      layout_basic, grunt_decor_cap, kennysheep_generic_room_3
D:8:      layout_rooms, eat_drink_and_be_merry_uskayaw,
          mainiacjoe_overflow_six_doors_small, lemuel_round_altar,
          serial_demonic, serial_demonic_f, serial_demonic_g, serial_demonic_a,
          serial_demonic_a, serial_demonic_f, serial_demonic_a,
          minmay_shop_damaged
D:9:      layout_roguey, nicolae_qazlal_general_emergency, hangedman_fish_farm
D:10:     layout_long_grid, minmay_overflow_temple_star_hex,
          kennysheep_orc_monster_closet_entryway, serial_shops,
          nicolae_stop_n_shop_2, minivault_25, uniq_erolcha, uniq_amaemon,
          uniq_erica
Temple:   nicolae_temple_ecumenical_triangle
Abyss:3:  base:
Temple

Skill      XL: |  1  2  3  4  5  6  7  8  9 10 11 |
---------------+----------------------------------+-----
Summonings     | 5 6 7 8 9 10 | 10.0
Fighting       | 1 2 3 4 5 6 |  6.5
Spellcasting   | 4 5 6 8 10 | 10.0
Hexes          | 1 2 4 5 |  5.0
Dodging        | 3 5 6 |  6.8
Air Magic      | 1 3 4 6 |  6.9
Short Blades   | 1 |  1.9
Maces & Flails | 1 |  1.3
Translocations | 3 5 |  5.0
Transmutations | 3 4 |  4.9
Stealth        | |  2.4
Shields        | |  0.6

Action                   |  1- 3 |  4- 6 |  7- 9 | 10-12 || total
-------------------------+-------+-------+-------+-------++-------
Melee: Dagger            |    31 |    13 |       |       ||    44
       Unarmed           |     2 |       |       |       ||     2
       Punch             |     1 |       |     2 |     2 ||     5
       Whip              |       |    19 |    60 |       ||    79
       Short sword       |       |       |    45 |    96 ||   141
       Kick              |       |       |     4 |    18 ||    22
 Cast: Summon Small Mamm |    23 |     7 |    29 |       ||    59
       Call Imp          |    11 |    14 |    41 |    33 ||    99
       Call Canine Famil |     6 |    21 |    46 |    41 ||   114
       Summon Guardian G |       |    11 |    16 |     9 ||    36
       Summon Lightning  |       |       |    26 |    44 ||    70
       Blink             |       |       |       |     6 ||     6
Invok: Call Merchant     |       |       |       |     1 ||     1
  Use: Scroll            |       |     9 |    11 |     7 ||    27
       Potion            |       |       |     2 |     2 ||     4
 Stab: Sleeping          |       |       |     1 |       ||     1
       Distracted        |       |       |     2 |     3 ||     5
Armor: Robe              |     8 |     5 |    46 |    59 ||   118
Dodge: Dodged            |    26 |    22 |   110 |    86 ||   244
Block: Other             |       |       |    10 |    45 ||    55
       Reflection        |       |       |       |     4 ||     4

Table legend: (Time is in decaauts)
 A = Elapsed time spent in this place.
 B = Non-inter-level travel time spent in this place.
 C = Inter-level travel time spent in this place.
 D = Time resting spent in this place.
 E = Time spent auto-exploring this place.
 F = Levels seen in this place.
 G = Mean time per level.
                   A        B        C        D        E       F      G
               +--------+--------+--------+--------+--------+-----+--------+
         Total |  13338 |  12873 |    465 |   2481 |   7542 |  13 | 1026.0 |
       Dungeon |  13085 |  12624 |    461 |   2394 |   7542 |  10 | 1308.5 |
        Temple |     12 |      8 |      4 |      0 |      0 |   1 |   12.0 |
         Abyss |    239 |    239 |      0 |     87 |      0 |   2 |  119.5 |
               +--------+--------+--------+--------+--------+-----+--------+

Top non-repeatable levels by time:
     D:7: 1699 daAuts
     D:5: 1641 daAuts
     D:6: 1542 daAuts
     D:9: 1491 daAuts
     D:2: 1346 daAuts
     D:8: 1284 daAuts
     D:3: 1250 daAuts
     D:4: 1120 daAuts
     D:1: 877 daAuts
    D:10: 833 daAuts
 Abyss:2: 187 daAuts
 Abyss:3: 52 daAuts
  Temple: 12 daAuts
